 Dungeon Crawl Stone Soup version 0.26-a0-708-g17f3b190f9 (webtiles) character file.

Game seed: 13372256861678874631

1878 jasper the Quickloader (level 9, 0/54 HPs)
             Began as a Kobold Hunter on Oct 29, 2020.
             Was a Believer of Okawaru.
             Slain by a sky beast (6 damage)
             ... on level 7 of the Dungeon.
             The game lasted 00:10:58 (8912 turns).

jasper the Quickloader (Kobold Hunter)              Turns: 8912, Time: 00:10:58

Health: 0/54       AC:  7    Str: 12    XL:     9   Next: 36%
Magic:  13/13      EV: 15    Int: 12    God:    Okawaru [**....]
Gold:   472        SH:  0    Dex: 16    Spells: 8/8 levels left

rFire    . . .     SeeInvis .   a - +1 hand crossbow
rCold    + . .     Faith    .   (shield restricted)
rNeg     . . .     Spirit   .   p - +0 ring mail
rPois    .         Reflect  .   n - +0 helmet
rElec    .         Harm     .   (no cloak)
rCorr    .         Rampage  .   w - +0 pair of gloves
MR       .....                  (no boots)
Stlth    ++........             (no amulet)
HPRegen  0.18/turn              x - ring of protection from cold
MPRegen  0.13/turn              (no ring)

@: drained
A: small, nightstalker 3
a: Heroism, Renounce Religion


You were on level 7 of the Dungeon.
You worshipped Okawaru.
Okawaru was pleased with you.
You visited 2 branches of the dungeon, and saw 9 of its levels.

You collected 508 gold pieces.
You spent 36 gold pieces at shops.

Inventory:

Hand Weapons
 a - a +1 hand crossbow (weapon)
 b - a +0 rapier
 m - a +0 short sword
Missiles
 d - 2 bolts (quivered)
 g - 20 poisoned darts
Armour
 c - a +0 leather armour
 n - a +0 helmet (worn)
 p - a +0 ring mail (worn)
 w - a +0 pair of gloves (worn)
Jewellery
 x - a ring of protection from cold (left hand)
 y - an uncursed ring of fire
 A - an uncursed ring of fire
Scrolls
 e - a scroll of amnesia
 k - 3 scrolls of immolation {unknown}
 l - a scroll of enchant armour {unknown}
 o - 2 scrolls of enchant weapon {unknown}
 r - a scroll of noise {unknown}
 s - 2 scrolls of fog {unknown}
 u - 4 scrolls of remove curse {unknown}
 v - a scroll of torment {unknown}
Potions
 i - a potion of magic {unknown}
 j - 2 potions of cancellation {unknown}
 t - a potion of degeneration {unknown}
 z - 2 potions of curing {unknown}


   Skills:
 + Level 5.0(3.9) Fighting
 - Level 10.0(8.7) Crossbows
 + Level 3.2(2.2) Armour
 + Level 5.5(4.4) Dodging
 - Level 1.3(0.3) Stealth
 - Level 5.6(4.5) Invocations


You had 8 spell levels left.
You didn't know any spells.
Your spell library was empty.

Dungeon Overview and Level Annotations

Branches:
Dungeon (8/15)             Temple (1/1) D:4
   Lair: D:8-11

Altars:
Cheibriados
Dithmenos
Elyvilon
Fedhas
Hepliaklqana
Kikubaaqudgha
Makhleb
Nemelex Xobeh
Okawaru
Qazlal
Sif Muna
Trog
Uskayaw
Wu Jian
Xom
Yredelemnul
The Shining One
Lugonu

Shops:
D:4 (

Annotations:
D:3 2 transporters


Innate Abilities, Weirdness & Mutations

You are small and have problems with some larger weapons.
You are completely attuned to the shadows.


Message History

You feel drained.
The wight hits you with a +5 battleaxe!!
* * * LOW HITPOINT WARNING * * *
You feel drained.
* * * LOW HITPOINT WARNING * * *
You take 32 damage, and have 5/54 hp.
MASSIVE DAMAGE!!
The wight hits you but does no damage.
The wight throws a stone.
The stone barely misses you.
You see here a stone.
Press: ? - help, Dir - move target cursor, p - wight
As you read the scroll of blinking, it crumbles to dust.
A sky beast comes into view.
The wight throws a stone.
The stone hits you but does no damage.
You see here a stone.
The sky beast flickers out of sight!
Deactivating autopickup; reactivate with Ctrl-A.
Something hits you.
* * * LOW HITPOINT WARNING * * *
Something shocks you.
You die...

## #... ##.... ######.....
#..@..z.........#
#..{###z.........#
....^##..........#
......#(.........#
....Y.Y.z.......#
...............## ##.
.....................#
...###..##.....#..........#
....##.###Z....#....((.(..#


You could see 2 wights.

Vanquished Creatures
  An orc warrior (D:5)
  2 sky beasts
  2 ice beasts
  An ogre (D:6)
  A phantom (D:5)
  3 centaurs
  A bullfrog (D:8)
  2 scorpions
  A wight (D:7)
  2 jellies (D:5)
  A centaur skeleton (D:5)
  2 hounds (D:5)
  4 orc wizards
  4 orc priests
  Jessica (D:3)
  2 iguanas
  4 worker ants
  A hound zombie (D:7)
  4 adders
  3 gnolls
  2 white imps
  An ufetubus (D:5)
  An ooze (D:5)
  An adder skeleton (D:5)
  3 worms
  2 dart slugs
  4 leopard geckos
  14 orcs
  5 ball pythons
  2 giant cockroaches
  8 goblins
  7 hobgoblins
  2 jackals (D:1)
  6 quokkas
  A ball python skeleton (D:4)
  4 bats
  4 frilled lizards
  11 kobolds
  8 rats
128 creatures vanquished.

Vanquished Creatures (collateral kills)
  An orc priest (D:4)
1 creature vanquished.

Vanquished Creatures (others)
  2 fungi (D:8)
  14 plants (D:8)
  5 toadstools (D:1)
21 creatures vanquished.

Grand Total: 150 creatures vanquished

Notes
Turn   | Place    | Note
-------+----------+-------------------------------------------
     0 | D:1      | jasper the Kobold Hunter began the quest for the Orb.
     0 | D:1      | Reached XP level 1. HP: 12/12 MP: 1/1
   108 | D:1      | Reached skill level 5 in Crossbows
   170 | D:1      | Reached XP level 2. HP: 5/17 MP: 2/2
   977 | D:1      | Reached XP level 3. HP: 18/21 MP: 3/3
  1286 | D:1      | Reached skill level 6 in Crossbows
  1874 | D:2      | Reached XP level 4. HP: 22/26 MP: 4/4
  2489 | D:3      | Found a transporter.
  2495 | D:3      | Noticed an ice beast
  2500 | D:3      | Found a transporter.
  2504 | D:3      | Noticed an orc warrior
  2510 | D:3      | Found an ornate altar of the Wu Jian Council.
  2512 | D:3      | Noticed a centaur
  2631 | D:3      | Noticed Jessica
  2638 | D:3      | Killed Jessica
  2638 | D:3      | Reached skill level 7 in Crossbows
  2638 | D:3      | Reached XP level 5. HP: 29/30 MP: 5/5
  3052 | D:4      | Found Bedwumis's Weapon Shoppe.
  3233 | D:4      | Bought 13 bolts for 36 gold pieces
  3460 | D:4      | Reached skill level 8 in Crossbows
  3816 | D:4      | Reached XP level 6. HP: 35/35 MP: 6/6
  4116 | D:4      | Found a staircase to the Ecumenical Temple.
  4134 | Temple   | Entered the Ecumenical Temple
  4179 | Temple   | Became a worshipper of Warmaster Okawaru
  4242 | D:4      | Noticed an ice beast
  4563 | D:5      | Entered Level 5 of the Dungeon
  4581 | D:5      | Reached skill level 9 in Crossbows
  4641 | D:5      | Reached XP level 7. HP: 17/40 MP: 7/7
  5507 | D:5      | Reached skill level 10 in Crossbows
  5741 | D:5      | Found a stormy altar of Qazlal.
  5796 | D:5      | Found a white marble altar of Elyvilon.
  5797 | D:5      | Found a snail-covered altar of Cheibriados.
  5797 | D:5      | Found an ancient bone altar of Kikubaaqudgha.
  5797 | D:5      | Found a shimmering blue altar of Sif Muna.
  5800 | D:5      | Found a bloodstained altar of Trog.
  6068 | D:5      | Reached XP level 8. HP: 44/44 MP: 10/10
  6589 | D:6      | Reached * piety under Okawaru
  6611 | D:5      | Reached skill level 5 in Invocations
  6813 | D:6      | Found a blossoming altar of Fedhas.
  7155 | D:6      | Reached skill level 1 in Armour
  7454 | D:6      | You fall into a shaft and drop 2 floors!
  7936 | D:8      | Noticed a wyvern
  8149 | D:8      | Reached XP level 9. HP: 32/52 MP: 10/13
  8334 | D:7      | HP: 1/52 [ice beast (7)]
  8346 | D:7      | Reached skill level 5 in Dodging
  8358 | D:7      | Reached ** piety under Okawaru
  8802 | D:7      | Noticed a hornet
  8810 | D:7      | Found a shimmering altar of Xom.
  8813 | D:7      | Found a hazy altar of Hepliaklqana.
  8814 | D:7      | Noticed a spectral ugly thing
  8894 | D:7      | Reached skill level 5 in Fighting
  8912 | D:7      | Slain by a sky beast

Illustrated notes

Levels and vault maps discovered:
D:1:      ldierk_walled_garden, layout_basic
D:2:      layout_loops_ring
D:3:      layout_rooms, gammafunk_temple_overflow_arena, uniq_jessica
D:4:      layout_loops_ring, minmay_temple_entry_sparse_star, serial_glass,
          glass_columns_b, glass_columns_a, glass_columns_a, glass_columns_a,
          due_unseen_surprise, minmay_strange_pillars, serial_shops, shop_coins
D:5:      layout_basic, minitemple
D:6:      layout_rooms, old_standard_altar, serial_shops, shop_statue,
          elyvilon_altar_1, uniq_crazy_yiuf_cottage
D:7:      layout_rooms, regret_index_temple_of_mockery, uniq_joseph
D:8:      layout_gridville, minmay_lair_entry_grove, serial_shops, shop_coins,
          uniq_grum, uniq_harold
Temple:   corrupted_temple

Skill      XL: |  1  2  3  4  5  6  7  8  9 |
---------------+----------------------------+-----
Crossbows      | 5 6 7 8 9 10 | 10.0
Invocations    | 3 5 |  5.6
Dodging        | 4 5 |  5.5
Armour         | 2 3 |  3.2
Fighting       | 3 5 |  5.0
Stealth        | |  1.3

Action                   |  1- 3 |  4- 6 |  7- 9 || total
-------------------------+-------+-------+-------++-------
Melee: Rapier            |     3 |   110 |    68 ||   181
       Short sword       |       |     3 |     9 ||    12
       Punch             |       |       |     2 ||     2
 Fire: Hand crossbow     |    80 |    26 |   172 ||   278
Throw: Dart              |       |    31 |       ||    31
Invok: Heroism           |       |       |     4 ||     4
Evoke: Wand              |       |     3 |       ||     3
  Use: Scroll            |       |       |     8 ||     8
       Potion            |       |       |     2 ||     2
 Stab: Sleeping          |       |     6 |     5 ||    11
       Distracted        |       |       |     1 ||     1
Armor: Leather armour    |     5 |       |       ||     5
       Ring mail         |     4 |    44 |    50 ||    98
Dodge: Dodged            |    27 |    77 |   116 ||   220

Table legend: (Time is in decaauts)
 A = Elapsed time spent in this place.
 B = Non-inter-level travel time spent in this place.
 C = Inter-level travel time spent in this place.
 D = Time resting spent in this place.
 E = Time spent auto-exploring this place.
 F = Levels seen in this place.
 G = Mean time per level.
                   A        B        C        D        E       F      G
               +--------+--------+--------+--------+--------+-----+--------+
         Total |   8953 |   8734 |    219 |   2738 |   4805 |   9 |  994.8 |
       Dungeon |   8888 |   8686 |    202 |   2738 |   4770 |   8 | 1111.0 |
        Temple |     64 |     47 |     17 |      0 |     35 |   1 |   64.0 |
               +--------+--------+--------+--------+--------+-----+--------+

Top non-repeatable levels by time:
     D:5: 2363 daAuts
     D:1: 1515 daAuts
     D:4: 1317 daAuts
     D:3: 892 daAuts
     D:8: 839 daAuts
     D:2: 808 daAuts
     D:7: 615 daAuts
     D:6: 534 daAuts
  Temple: 64 daAuts
